 Dungeon Crawl Stone Soup version 0.28.0 (webtiles) character file.

Game seed: 16341946336411920323

303 GrayStillPlays the Skirmisher (level 6, -1/32 HPs)
             Began as a Vine Stalker Fighter on Feb 12, 2022.
             Was an Initiate of Gozag.
             Killed from afar by a steam dragon (15 damage)
             ... with a ball of steam
             ... on level 4 of the Dungeon.
             The game lasted 00:04:17 (3063 turns).

GrayStillPlays the Skirmisher (VSFi)                Turns: 3063, Time: 00:04:18

Health: -1/32      AC:  9    Str: 20    XL:     6   Next: 38%
Magic:  0/10       EV: 10    Int:  8    God:    Gozag
Gold:   116        SH:  5    Dex: 14    Spells: 9/9 levels left

rFire   . . .      SeeInvis .   a - +0 war axe {axe}
rCold   . . .      Faith    .   c - +0 buckler
rNeg    . . .      Spirit   +   b - +0 scale mail
rPois   .          Reflect  .   n - +1 helmet
rElec   .          Harm     .   (no cloak)
rCorr   .          Rampage  .   (no gloves)
Will    .....                   (no boots)
Stlth   ..........              (no amulet)
HPRegen 0.90/turn               (no ring)
MPRegen 0.12/turn               (no ring)

@: no status effects
A: fangs 2, regeneration 1, magic shield, antimagic bite, no potion heal 2
a: Renounce Religion, Potion Petition, Call Merchant, Bribe Branch


You were on level 4 of the Dungeon.
You worshipped Gozag.
Gozag was aware of your devotion.
You visited 2 branches of the dungeon, and saw 5 of its levels.

You collected 208 gold pieces.
You paid 92 gold pieces to Gozag.


Innate Abilities, Weirdness & Mutations

You have extremely sharp teeth.
Your natural rate of healing is unusually fast.
When hurt, damage is shared between your health and your magic reserves.
Your bite disrupts and absorbs the magic of your enemies.
Potions cannot restore your health.


   Skills:
 + Level 3.6 Fighting
 + Level 2.8 Axes
 + Level 3.2 Armour
 + Level 1.8 Dodging
 + Level 3.5 Shields
 + Level 2.1 Spellcasting


You had 9 spell levels left.
You didn't know any spells.
Your spell library contained the following spells:

 Spells                   Type           Power      Damage    Failure   Level
 Conjure Flame            Conj/Fire      0%         6-21      98%         3
 Ignite Poison            Fire/Tmut/Pois 0%         N/A       98%         3
 Sticky Flame             Conj/Fire      0%         2d3       100%        4

Inventory:

Hand Weapons
 a - a +0 war axe (weapon) {axe}
 e - a +0 glaive {polearm}
   (You found it on level 1 of the Dungeon)
 f - a +0 whip of pain {mace}
   (You took it off a kobold on level 1 of the Dungeon)
 m - a +4 club {mace}
   (You took it off Robin on level 2 of the Dungeon)
 o - a +2 dagger of venom {short}
   (You took it off a goblin on level 2 of the Dungeon)
 x - a +1 flail of protection {mace}
   (You took it off an orc on level 4 of the Dungeon)
Missiles
 g - 122 stones (quivered) {throwing}
 k - 19 bolts
 r - 6 boomerangs {throwing}
 z - 2 throwing nets {=f!fthrowing}
 A - 4 poisoned darts {throwing}
Armour
 b - a +0 scale mail (worn)
 c - a +0 buckler (worn)
 n - a +1 helmet (worn)
   (You took it off Robin on level 2 of the Dungeon)
 q - an orb of mayhem
   (You found it on level 3 of the Dungeon)
Magical Staves
 p - a staff of cold {!astaff}
   (You found it on level 3 of the Dungeon)
Scrolls
 h - 3 scrolls of identify {unknown}
 l - 2 scrolls of blinking {unknown}
 s - a scroll of fog {unknown}
 t - 2 scrolls of amnesia {unknown}
 u - a scroll of magic mapping {unknown}
 v - a scroll of fear {unknown}
 w - a scroll of immolation {unknown}
 y - a scroll of enchant armour {unknown}
Potions
 d - a potion of might
 i - a potion of curing {unknown}
 j - a potion of brilliance {unknown}
 B - a potion of berserk rage {unknown}

Dungeon Overview and Level Annotations

Branches:
Dungeon (4/15)             Temple (1/1) D:4

Altars:
Ashenzari
Cheibriados
Dithmenos
Fedhas
Gozag
Hepliaklqana
Makhleb
Nemelex Xobeh
Qazlal
Ru
Sif Muna
Trog
Uskayaw
Vehumet
Wu Jian
Xom
Yredelemnul
Zin
The Shining One

Annotations:
D:3 3 runed translucent doors, Sanktem7's ghost, amateur HOFi

..........#...#...........
#.........#...#...........
+.........#...+...........
#.........#.###...........
##########.#....####.....
###+##..........#....# ....
#... '..........#.)..# ..
#...##.....##.D)#....#
#....#.....##@..#....# .
##.##(##.##......#....#
.o#.........#.###'##....###
..o.....(...$'#.............
.#..⌠...⌠..#$$..§..........
..#....o....#...............
......$>....................
..#....$....#.......#+#.....
#..⌠...⌠..######### #....


You could see a steam dragon (catching breath).


Message History

😨 HP[-14] MP[-4]
You take 14 damage, and now have 9/32 hp.
MASSIVE DAMAGE!! (PAUSE)
You lost 4 mp, and now have 2/10 mp. 😨 HP[+1]
You open the door.
The orc wizard is engulfed in a cloud of scalding steam.
The orc wizard dies! 😨 HP[+1]
There is an open door here. 😨 HP[+1] 😨 HP[+1]
You close the door. 😨 HP[+1] 😨 HP[+1]
You now have 112 gold pieces (gained 5).
You see here a +0 hand axe {axe}.
An orc opens the door. 😮 HP[+2] MP[+1]
You regained 2 hp, and now have 17/32 hp.
The orc is distracted by your dazzling golden aura. 😮 HP[+1] 😮 HP[+1]
The steam dragon breathes steam at you. The ball of steam misses you. 😮 HP[+1]
You are engulfed in a cloud of scalding steam.
* * * LOW HITPOINT WARNING * * *
😨 HP[-5] MP[-1]
You take 5 damage, and now have 15/32 hp.
You lost 1 mp, and now have 2/10 mp.
You are engulfed in a cloud of scalding steam. 😨 HP[+1]
There is an open door here. 😮 HP[+1] MP[+1] 😮 HP[+1] As you close the door, it creaks loudly! 😮 HP[+1]
You start resting. 😎 HP[+13] MP[+2]
Your hp is fully restored (32).
You regained 2 mp, and now have 5/10 mp.
You start resting.
An orc is nearby! 😎 MP[+3]
You regained 3 mp, and now have 8/10 mp.
An orc is nearby!
The orc shouts!
The orc hits you with a +0 hand axe. 😕 HP[-3]
You take 3 damage, and now have 29/32 hp.
The orc hits you but does no damage. 😕 HP[+1]
You hit the orc. You block the orc's attack. 😕 HP[+1]
You closely miss the orc. Your bite misses the orc.
The orc hits you but does no damage.
The orc closely misses you. 😎 HP[+1] MP[+1]
Your hp is fully restored (32).
You slash the orc!
You kill the orc!
You now have 116 gold pieces (gained 4).
You see here a +0 hand axe {axe}. 😎 MP[+1]
Your mp is fully restored (10).
The steam dragon breathes steam at you. The ball of steam hits you!
There is an open door here. 😮 HP[-9] MP[-3]
You take 9 damage, and now have 23/32 hp.
MASSIVE DAMAGE!! (PAUSE)
You lost 3 mp, and now have 7/10 mp.
You are engulfed in a cloud of scalding steam. 😮 HP[-1] MP[-1]
You take 1 damage, and now have 22/32 hp.
You lost 1 mp, and now have 6/10 mp.
You are engulfed in a cloud of scalding steam.
The steam dragon barely misses you.
The steam dragon claws you. 😮 HP[-3] MP[-1]
You take 3 damage, and now have 19/32 hp.
You lost 1 mp, and now have 5/10 mp.
You closely miss the steam dragon.
The steam dragon bites you but does no damage.
The steam dragon claws you. 😮 HP[-1] MP[-1]
You take 1 damage, and now have 18/32 hp.
You lost 1 mp, and now have 4/10 mp.
You hit the steam dragon. The steam dragon barely misses you.
The steam dragon claws you but does no damage.
The steam dragon bites you!
* * * LOW HITPOINT WARNING * * *
You block the steam dragon's attack. 😨 HP[-6] MP[-2]
You take 6 damage, and now have 12/32 hp.
You lost 2 mp, and now have 2/10 mp.
You hit the steam dragon but do no damage.
The steam dragon breathes steam at you. The ball of steam hits you!
You die...
Your body crumbles into a pile of gold.

Skill      XL: |  1  2  3  4  5 |
---------------+----------------+-----
Axes           | 2 |  2.8
Fighting       | 3 |  3.6
Shields        | 3 |  3.5
Spellcasting   | 1 2 |  2.1
Dodging        | 1 |  1.8
Armour         | 3 |  3.2

Action                   |  1- 3 |  4- 6 || total
-------------------------+-------+-------++-------
Melee: War axe           |    71 |   129 ||   200
       Bite              |     8 |    36 ||    44
Throw: Stone             |       |     1 ||     1
Armor: Scale mail        |    40 |    70 ||   110
Dodge: Dodged            |    35 |    68 ||   103
Block: Buckler           |    19 |    30 ||    49

Levels and vault maps discovered:
D:1:      lordsloth_arrival_two_stooges, layout_loops_ring,
          shapermc_ecumenical_altar_gd
D:2:      layout_basic, uniq_robin, uniq_natasha
D:3:      minmay_angry_zag, layout_basic, gammafunk_ghost_split,
          mrwooster_statue_mirror
D:4:      layout_gridville, minmay_temple_entry_large_hall,
          ebering_ghost_rock_garden, serial_shops, nicolae_shop_trees,
          grunt_ministairs_14
Temple:   mainiacjoe_temple_bowtie_tessellation

Notes
Turn   | Place    | Note
-------+----------+-------------------------------------------
     0 | D:1      | GrayStillPlays the Vine Stalker Fighter began the quest for
                  | the Orb.
     0 | D:1      | Reached XP level 1. HP: 11/11 MP: 2/2
     0 | D:1      | magus.rc [v1.9.6]
   136 | D:1      | Reached XP level 2. HP: 13/16 MP: 1/3
   259 | D:1      | Found a faded altar of an unknown god.
   460 | D:1      | Reached skill level 2 in Axes
  1040 | D:2      | Noticed Natasha
  1042 | D:2      | Noticed a crimson imp
  1049 | D:2      | Killed Natasha
  1050 | D:2      | Reached skill level 3 in Fighting
  1050 | D:2      | Reached skill level 3 in Shields
  1050 | D:2      | Reached skill level 1 in Spellcasting
  1050 | D:2      | Reached XP level 3. HP: 7/20 MP: 0/5
  1473 | D:2      | Noticed Natasha
  1476 | D:2      | Killed Natasha
  1477 | D:2      | Reached skill level 1 in Dodging
  1477 | D:2      | Gained mutation: Your natural rate of healing is unusually
                  | fast. [Vine Stalker growth]
  1477 | D:2      | Reached XP level 4. HP: 24/24 MP: 6/6
  1515 | D:2      | You add the spells Conjure Flame, Ignite Poison and Sticky
                  | Flame to your library.
  1587 | D:2      | Noticed Robin
  1610 | D:2      | Killed Robin
  1773 | D:3      | Reached XP level 5. HP: 20/28 MP: 5/8
  1824 | D:3      | Reached skill level 3 in Armour
  2109 | D:3      | Found a runed translucent gate.
  2114 | D:3      | Found a runed translucent gate.
  2116 | D:3      | Found a runed translucent gate.
  2116 | D:3      | Noticed Sanktem7's ghost (amateur HOFi)
  2175 | D:3      | Reached skill level 2 in Spellcasting
  2175 | D:3      | Reached XP level 6. HP: 22/32 MP: 4/10
  2578 | D:4      | Found a staircase to the Ecumenical Temple.
  2597 | Temple   | Entered the Ecumenical Temple
  2853 | Temple   | Became a worshipper of Gozag Ym Sagoz the Greedy
  2902 | D:4      | Noticed a steam dragon
  2905 | D:4      | HP: 7/32 [something/ball of steam (22)]
  2906 | D:4      | HP: 3/32 [something] (4)]
  2923 | D:4      | HP: 6/32 [something] (4)]
  3063 | D:4      | Killed from afar by a steam dragon

Vanquished Creatures
  A hound (D:3)
  A centaur skeleton (D:3)
  An orc priest (D:3)
  Natasha (twice) (D:2)
  Robin (D:2)
  4 gnolls (D:4)
  2 adders (D:3)
  An adder skeleton (D:4)
  2 worms
  A dart slug (D:2)
  8 orcs
  5 bats
  3 endoplasms
  3 giant cockroaches
  13 goblins
  7 hobgoblins
  A jackal (D:3)
  4 quokkas
  4 ball pythons
  2 frilled lizards
  7 kobolds
  6 rats
79 creatures vanquished.

Vanquished Creatures (others)
  An orc wizard (D:4)
  3 orcs (D:4)
  A ball python (D:4)
  A demonic plant (D:1)
  3 fungi (D:1)
9 creatures vanquished.

Grand Total: 88 creatures vanquished

Table legend:
 A = Non-vault XP
 B = Vault XP
 C = Vault XP percentage of total XP
 D = Non-vault monster count
 E = Vault monster count
 F = Vault count percentage of total count
                 A         B        C        D         E       F
            +---------+---------+-------+---------+---------+-------
      Total |     358 |      75 |  17.3 |      63 |      18 |  22.2
            +---------+---------+-------+---------+---------+-------
        D:1 |      26 |       0 |   0.0 |      16 |       0 |   0.0
        D:2 |      56 |      70 |  55.6 |      11 |      14 |  56.0
        D:3 |     189 |       5 |   2.6 |      22 |       4 |  15.4
        D:4 |      87 |       0 |   0.0 |      14 |       0 |   0.0
            +---------+---------+-------+---------+---------+-------

Illustrated notes

Table legend:
 A = Kills in this place as a percentage of kills in entire the game.
 B = Kills by you in this place as a percentage of kills by you in the entire game.
 C = Kills by friends in this place as a percentage of kills by friends in the entire game.
 D = Other kills in this place as a percentage of other kills in the entire game.
 E = Experience gained in this place as a percentage of experience gained in the entire game.
 F = Experience gained in this place divided by the number of levels of this place that you have seen.
                   A       B       C       D       E      F
               +-------+-------+-------+-------+-------+----------------------
         Total | 100.0 | 100.0 |   N/A | 100.0 | 100.0 |  86.6
       Dungeon | 100.0 | 100.0 |   N/A | 100.0 | 100.0 | 108.2
               +-------+-------+-------+-------+-------+----------------------

Table legend: (Time is in decaauts)
 A = Elapsed time spent in this place.
 B = Non-inter-level travel time spent in this place.
 C = Inter-level travel time spent in this place.
 D = Time resting spent in this place.
 E = Time spent auto-exploring this place.
 F = Levels seen in this place.
 G = Mean time per level.
                   A        B        C        D        E       F      G
               +--------+--------+--------+--------+--------+-----+--------+
         Total |   3155 |   2952 |    203 |     77 |   2257 |   5 |  631.0 |
       Dungeon |   2853 |   2726 |    127 |     77 |   2045 |   4 |  713.2 |
        Temple |    302 |    226 |     76 |      0 |    212 |   1 |  302.0 |
               +--------+--------+--------+--------+--------+-----+--------+

Top non-repeatable levels by time:
     D:2: 938 daAuts
     D:1: 856 daAuts
     D:3: 727 daAuts
     D:4: 330 daAuts
  Temple: 302 daAuts
